 Dungeon Crawl Stone Soup version 0.24.0-123-gd5b16e6ec5 (webtiles) character file.

Game seed: 15616997777873178951, levelgen mode: deterministic

45 FishyPogo the Skirmisher (level 3, -3/29 HPs)
             Began as a Demonspawn Chaos Knight on Jan 29, 2020.
             Was a Plaything of Xom.
             Slain by an iguana (5 damage)
             ... on level 3 of the Dungeon.
             The game lasted 00:02:56 (1503 turns).

FishyPogo the Skirmisher (Demonspawn Chaos Knight)  Turns: 1503, Time: 00:02:56

Health: -3/29      AC:  5    Str: 13    XL:     3   Next: 42%
Magic:  3/3        EV: 11    Int: 11    God:    Xom [.....*]
Gold:   188        SH:  0    Dex: 12    Spells: 2/2 levels left

rFire    . . .     SeeInvis .     - Unarmed
rCold    . . .     Gourm    .   (no shield)
rNeg     . . .     Faith    .   a - +2 leather armour
rPois    .         Spirit   .   (helmet restricted)
rElec    .         Reflect  .   (no cloak)
rCorr    .         Harm     .   (no gloves)
MR       .....                  (no boots)
Stlth    +.........             (no amulet)
HPRegen  0.09/turn              (no ring)
MPRegen  0.08/turn              (no ring)

@: no status effects
A: antennae 1, blink, dopey 1, powered by pain 1
a: Blink, Renounce Religion


You were on level 3 of the Dungeon.
You worshipped Xom.
You were Xom's teddy bear.
You were very hungry.

You visited 1 branch of the dungeon, and saw 3 of its levels.

You collected 188 gold pieces.

Inventory:

Missiles
 d - 60 stones (quivered)
Armour
 a - a +2 leather armour (worn)
Wands
 g - a wand of flame (20)
Scrolls
 c - a scroll of immolation {unknown}
 f - 3 scrolls of identify {unknown}
 h - 2 scrolls of noise {unknown}
 i - a scroll of enchant weapon {unknown}
 j - 4 scrolls of teleportation {unknown}
 m - a scroll of blinking {unknown}
Potions
 e - a potion of magic {unknown}
 k - a potion of ambrosia {unknown}
 l - a potion of curing {unknown}
Comestibles
 b - 3 rations


   Skills:
 + Level 3.4 Fighting
 + Level 2.2 Armour
 - Level 1.0 Dodging
 * Level 3.4 Unarmed Combat


You had 2 spell levels left.
You didn't know any spells.
Your spell library was empty.

Dungeon Overview and Level Annotations

Branches:
Dungeon (3/15)

Altars:
Ru


Innate Abilities, Weirdness & Mutations

You have a pair of small antennae on your head.
You sometimes gain a little power by taking damage.
You can translocate small distances at will.
You are dopey. (Int -2)


Message History

You hit the goblin.
You kill the goblin!
You see here a +0 club.
You are feeling very hungry.
Found a stone staircase leading down.
Found an escape hatch in the ceiling.
An iguana comes into view.
The iguana hisses angrily.
You hear a shout!
A kobold comes into view.
The kobold shouts!
You hear a shout!
The kobold throws a stone.
The stone misses you.
You see here a stone.
You hit the iguana but do no damage. The iguana misses you.
You closely miss the iguana. The iguana bites you.
You closely miss the iguana. The iguana bites you!
* * * LOW HITPOINT WARNING * * *
You hit the iguana.
The iguana is heavily wounded.
The iguana bites you.
You die...

.............#
####...######
#...# . # #...#
..##. #...#
.....####...######
..................
......K....>......
#.....l@..........
..#####.#....#####
#<#.$..# #.#....#
#.#....# #......#
###...## ...#


You could see an iguana and a kobold.

Vanquished Creatures
  An adder (D:2)
  A leopard gecko (D:1)
  2 ball pythons (D:2)
  2 giant cockroaches
  7 goblins
  3 hobgoblins (D:1)
  2 bats (D:1)
  2 frilled lizards
  8 kobolds
  6 rats
34 creatures vanquished.

Notes
Turn   | Place    | Note
-------+----------+-------------------------------------------
     0 | D:1      | FishyPogo the Demonspawn Chaos Knight began the quest for
                  | the Orb.
     0 | D:1      | Reached XP level 1. HP: 18/18 MP: 1/1
   276 | D:1      | Reached skill level 1 in Dodging
   376 | D:1      | Gained mutation: You sometimes gain a little power by
                  | taking damage. [demonic ancestry]
   376 | D:1      | Reached XP level 2. HP: 17/24 MP: 2/2
   587 | D:1      | XOM: divination: magic mapping
   981 | D:2      | XOM: give mutations
   981 | D:2      | Gained mutation: You are dopey. (Int -2) [Xom's mischief]
   981 | D:2      | Gained mutation: You can translocate small distances at
                  | will. [Xom's mischief]
  1032 | D:2      | Gained mutation: You have a pair of small antennae on your
                  | head. [demonic ancestry]
  1032 | D:2      | Reached XP level 3. HP: 9/29 MP: 3/3
  1283 | D:2      | XOM is BORED!
  1283 | D:2      | XOM: mild Conj miscast
  1400 | D:2      | Found a sacrificial altar of Ru.
  1503 | D:3      | Slain by an iguana

Levels and vault maps discovered:
D:1:      noname_arrival_rooms_in_the_neighbourhood, layout_loops_ring,
          minmay_misc_feat_more_columns, minmay_circled_x
D:2:      layout_rooms, nicolae_ru_awakened_eye
D:3:      layout_loops_cross, eat_drink_and_be_merry_uskayaw,
          okawaru_metal_pillars_3, roderic_serpentine_path

Skill      XL: |  1  2 |
---------------+-------+-----
Dodging        | 1 |  1.0
Armour         | 2 |  2.2
Unarmed Combat | 3 |  3.4
Fighting       | |  3.4

Action                   || total
-------------------------++-------
Melee: Unarmed           ||   176
       Punch             ||     1
Throw: Stone             ||     6
  Eat: Chunk             ||     1
Armor: Leather armour    ||    78
Dodge: Dodged            ||    93
